 Dungeon Crawl Stone Soup version 0.30-a0-900-g23479c02f2 (webtiles) character file.

Game seed: 899785196503421650

114 buddhastalin the Poker (level 4, -5/35 HPs)
             Began as a Demonspawn Gladiator on Mar 18, 2023.
             Slain by Crazy Yiuf
             ... wielding a +3 quarterstaff of chaos
              (11 damage)
             ... on level 2 of the Dungeon.
             The game lasted 00:04:10 (1637 turns).

buddhastalin the Poker (Demonspawn Gladiator)       Turns: 1637, Time: 00:04:12

Health: -5/35      AC:  8    Str: 23 (24) XL:     4   Next: 66%
Magic:  4/4        EV:  8    Int: 11      God:
Gold:   72         SH:  0    Dex: 10 (11) Spells: 3/3 levels left

rFire   . . .      SeeInvis .    a - +0 trident
rCold   . . .      Faith    .    (no shield)
rNeg    . . .      Spirit   .    k - +0 chain mail
rPois   .          Reflect  .    (helmet restricted)
rElec   .          Rampage  .    (no cloak)
rCorr   .                        (no gloves)
Will    .....                    (no boots) Stlth
                                 (no amulet)
HPRegen 0.25/turn                j - +6 ring of strength
MPRegen 0.09/turn                (no ring)

@: no status effects
A: hooves 1, ignite blood 1, powered by death 1, horns 1, clumsy 1, strong 1
a: no special abilities


You were on level 2 of the Dungeon.
You visited 1 branch of the dungeon, and saw 2 of its levels.

You collected 72 gold pieces.

Inventory:

Hand Weapons
 a - a +0 trident (weapon)
Missiles
 d - 5 throwing nets (quivered)
 e - a javelin
 g - 2 poisoned darts
Armour
 k - a +0 chain mail (worn)
Jewellery
 j - a +6 ring of strength (left hand)
Wands
 b - a wand of light (11)
Scrolls
 f - a scroll of vulnerability {unknown}
 h - a scroll of teleportation {unknown}
 i - a scroll of poison {unknown}


   Skills:
 * Level 3.4 Fighting
 * Level 3.8 Polearms
 - Level 1.7 Throwing
 + Level 3.2 Dodging


You had 3 spell levels left.
You didn't know any spells.
Your spell library contained the following spells:

 Spells                   Type           Power      Damage    Failure   Level
 Ensorcelled Hibernation  Hex/Ice        0%         N/A       99%         2
 Passwall                 Tmut/Erth      0%         N/A       99%         2
 Static Discharge         Conj/Air       0%         2-2/arc   99%         2
 Gell's Gravitas          Tloc           0%         N/A       100%        3
 Swiftness                Air            0%         N/A       100%        3
 Teleport Other           Tloc           0%         N/A       100%        3
 Vhi's Electric Charge    Tloc/Air       0%         N/A       100%        3
 Arcjolt                  Conj/Air       0%         1d10      100%        5
 Lightning Bolt           Conj/Air       0%         1d11      100%        5
 Dispersal                Tloc           0%         N/A       100%        6


Dungeon Overview and Level Annotations

Branches:
Dungeon (2/15)

Altars:

Annotations:
D:2 Crazy Yiuf


Innate Abilities, Weirdness & Mutations

You have large cloven feet.
Your demonic aura sometimes causes spilled blood to erupt in flames.
You regenerate a little health from kills.
You have a pair of small horns on your head.
You are clumsy. (Dex -2)
Your muscles are strong. (Str +4, Int/Dex -1)


Message History

You resist with some effort.
You hit Natasha but do no damage. Your kick misses Natasha.
Natasha is almost dead.
Natasha claws you. Natasha claws you but does no damage.
You hit Natasha. Your kick misses Natasha.
Natasha is almost dead.
Natasha mumbles some strange words.
You hit Natasha.
You kill Natasha!
Natasha screams in pain as she dies!
The crimson imp disappears in a puff of smoke!
The shadow imp disappears in a puff of smoke!
You feel your strength returning.
You start resting.
You feel yourself speed up.
You start resting.
HP restored.
You see here a +0 whip.
Found a hammer.
Found a runed translucent door.
Crazy Yiuf grits, "Scoff!
Proton sallow aubergine."
Could not explore, unopened runed door.
You open the door. You completely miss Crazy Yiuf.
Crazy Yiuf hits you with a +3 quarterstaff of chaos!
Crazy Yiuf freezes you.
You closely miss Crazy Yiuf. You kick Crazy Yiuf, but do no damage.
Your headbutt misses Crazy Yiuf.
Crazy Yiuf drinks a potion.
Crazy Yiuf seems to grow stronger.
You hit Crazy Yiuf.
Crazy Yiuf is lightly wounded.
Crazy Yiuf cries, "Cholesterol!
Pitchfork hog forty-two."
Crazy Yiuf barely misses you.
You hit Crazy Yiuf. You kick Crazy Yiuf.
Crazy Yiuf is moderately wounded.
Crazy Yiuf whimpers, "Cholesterol koolooloo tired!"
Crazy Yiuf hits you with a +3 quarterstaff of chaos!!
Ouch! That really hurt!
* * * LOW HITPOINT WARNING * * *
You are electrocuted!
You die...

..# #.# ###
##....###..#.#......
..####.###<# #....#
#..#.#.###.#
..##....##.# ♣....♣
#....#.#....
..##....##.# ♣♣...♣
#..###.#.#..
.#.........# ♣♣.♣♣
#......).>##
........##.# ♣♣.♣
#..^.......#
........##.# ♣.♣♣
#..##..##..#
........##.# ♣♣.♣
##.##.#.....
##..##.....# ♣@♣♣
#####.#.#..#
.#.........# #g#
#..........#
...#######.# ...
#.....#.#..#
#..........# #...#
#######.#..#
##.........# #)..#
#.......#..#
...........# #####
#########.##
.#.#.......#
#.[......
...........######
#######.####...
.#.#............#
#.)).......#...


You could see Crazy Yiuf (strong).

Vanquished Creatures
  Natasha (twice) (D:2)
  An adder (D:2)
  A worm (D:2)
  A dart slug (D:2)
  2 ball pythons (D:1)
  2 endoplasms
  2 giant cockroaches (D:1)
  6 goblins
  4 hobgoblins
  8 jackals
  3 quokkas (D:1)
  8 bats
  A frilled lizard (D:1)
  3 kobolds
  A rat (D:1)
45 creatures vanquished.

Notes
Turn   | Place    | Note
-------+----------+-------------------------------------------
     0 | D:1      | buddhastalin the Demonspawn Gladiator began the quest for
                  | the Orb.
     0 | D:1      | Reached XP level 1. HP: 16/16 MP: 1/1
   252 | D:1      | Gained mutation: Your demonic aura sometimes causes spilled
                  | blood to erupt in flames. [demonic ancestry]
   252 | D:1      | Reached XP level 2. HP: 22/22 MP: 2/2
   786 | D:2      | Gained mutation: Your muscles are strong. (Str +4, Int/Dex
                  | -1) [potion of mutation]
   786 | D:2      | Gained mutation: You are clumsy. (Dex -2) [potion of
                  | mutation]
   786 | D:2      | Gained mutation: You have a pair of small horns on your
                  | head. [potion of mutation]
   795 | D:2      | Gained mutation: You have large cloven feet. [demonic
                  | ancestry]
   795 | D:2      | Reached XP level 3. HP: 7/28 MP: 3/3
  1151 | D:2      | Found a faded altar of an unknown god.
  1170 | D:2      | Noticed Natasha
  1194 | D:2      | Killed Natasha
  1195 | D:2      | Gained mutation: You regenerate a little health from kills.
                  | [demonic ancestry]
  1195 | D:2      | Reached XP level 4. HP: 21/35 MP: 4/4
  1471 | D:2      | Noticed Natasha
  1480 | D:2      | Killed Natasha
  1583 | D:2      | Found a runed translucent door.
  1584 | D:2      | Noticed Crazy Yiuf
  1637 | D:2      | Slain by Crazy Yiuf

Illustrated notes

Levels and vault maps discovered:
D:1:      dpeg_arrival_tiny_h, layout_basic
D:2:      layout_basic, hellmonk_ecumenical_altar_heavens_door, serial_glass,
          glass_columns_b, glass_columns_b, uniq_crazy_yiuf_cottage,
          uniq_natasha

Skill      XL: |  1  2  3 |
---------------+----------+-----
Polearms       | 3 |  3.8
Dodging        | 3 |  3.2
Fighting       | 3 |  3.4
Throwing       | |  1.7

Action                     |  1- 3 |  4- 6 || total
---------------------------+-------+-------++-------
  Melee: Trident           |   116 |    13 ||   129
         Punch             |     1 |       ||     1
         Kick              |     8 |     4 ||    12
         Headbutt          |     5 |     1 ||     6
    Use: Potion            |     4 |       ||     4
 Armour: Leather armour    |    31 |       ||    31
         Chain mail        |     8 |     2 ||    10
  Dodge: Dodged            |    82 |     3 ||    85

Table legend: (Time is in decaauts)
 A = Elapsed time spent in this place.
 B = Non-inter-level travel time spent in this place.
 C = Inter-level travel time spent in this place.
 D = Time resting spent in this place.
 E = Time spent auto-exploring this place.
 F = Levels seen in this place.
 G = Mean time per level.
                   A        B        C        D        E       F      G
               +--------+--------+--------+--------+--------+-----+--------+
         Total |   1667 |   1588 |     79 |    197 |   1036 |   2 |  833.5 |
       Dungeon |   1667 |   1588 |     79 |    197 |   1036 |   2 |  833.5 |
               +--------+--------+--------+--------+--------+-----+--------+

Top non-repeatable levels by time:
     D:1: 910 daAuts
     D:2: 757 daAuts
